 Dungeon Crawl Stone Soup version 0.31-a0-255-g9c3d1c461a (webtiles) character file.

Game seed: 7300514099907340842

336 qw the Shooter (level 6, -1/37 HPs)
             Began as a Gargoyle Hexslinger on July 12, 2023.
             Slain by a gnoll
             ... wielding a +0 halberd
              (13 damage)
             ... on level 4 of the Dungeon.
             The game lasted 00:01:28 (3424 turns).

qw the Shooter (Gargoyle Hexslinger)                Turns: 3424, Time: 00:01:28

Health: -1/37      AC: 12    Str: 11    XL:     6   Next: 54%
Magic:  7/7        EV: 10    Int: 14    God:
Gold:   135        SH:  0    Dex: 14    Spells: 6/7 levels left

rFire   . . .        Y - +1 sling
rCold   . . .        (no shield)
rNeg    + . .        e - +0 ring mail
rPois   inf          h - +1 helmet
rElec   +            f - +0 cloak
rCorr   +            (no gloves)
SInv    .            (no boots)
Will    +....        (no amulet)
Stlth   +            j - ring of willpower
HPRegen 0.26/turn    a - ring of resist corrosion
MPRegen 0.10/turn

%: no passive effects
@: no status effects
A: sickness immunity, AC +4, negative energy resistance 1, electricity
resistance, torment resistance 1, petrification resistance
a: no special abilities


You were on level 4 of the Dungeon.
You visited 1 branch of the dungeon, and saw 4 of its levels.

You collected 201 gold pieces.
You spent 66 gold pieces at shops.


Innate Abilities, Weirdness & Mutations

You are immune to sickness and miasma.
Your stone body is resilient. (AC +4)
You are immune to poison.
You resist negative energy. (rN+)
You are resistant to electric shocks. (rElec)
You are resistant to unholy torment.
You are immune to petrification.


   Skills:
 - Level 3.1 Fighting
 + Level 5.9 Ranged Weapons
 - Level 1.2 Armour
 - Level 1.5 Dodging
 - Level 1.0 Spellcasting
 - Level 2.6 Hexes


You had 6 spell levels left.
You knew the following spells:

 Your Spells              Type           Power      Damage    Failure   Level
a - Slow                  Hex            32%        N/A       21%         1

Your spell library contained the following spells:

 Spells                   Type           Power      Damage    Failure   Level
 Inner Flame              Hex/Fire       4%         N/A       71%         3
 Portal Projectile        Hex/Tloc       8%         N/A       71%         3
 Cause Fear               Hex            4%         N/A       90%         4

Inventory:

Hand Weapons
 Y - a +1 sling (weapon)
Armour
 e - a +0 ring mail (worn)
 f - a +0 cloak (worn)
 h - a +1 helmet (worn)
Jewellery
 a - a ring of resist corrosion (right hand)
 j - a ring of willpower (left hand)
Scrolls
 c - 2 scrolls of teleportation
 g - 2 scrolls of identify
Potions
 b - a potion of enlightenment {unknown}
 i - a potion of resistance
 l - a potion of heal wounds

Dungeon Overview and Level Annotations

Branches:
Dungeon (4/15)
 Temple: D:4-7

Altars:
Elyvilon

Shops:
D:2 ?

Annotations:
D:4 Blork the orc


Message History

A gnoll comes into view. It is wielding a +0 halberd.
You shoot a sling bullet. The sling bullet hits the hound.
The hound is heavily wounded.
The hound bites you but does no damage. x4; The gnoll barely misses you.
You shoot a sling bullet.
The sling bullet hits the hound but does no damage.
The hound is heavily wounded.
The hound closely misses you.
The hound bites you but does no damage. x2
A gnoll comes into view. It is wielding a +0 halberd.
The gnoll hits you from afar with a +0 halberd.
The hound bites you.
You shoot a sling bullet. The gnoll shouts!
The sling bullet hits the hound.
The hound is almost dead.
The hound barely misses you. x2; Blork the orc barely misses you.
The gnoll barely misses you. The hound barely misses you. The hound bites you.
You shoot a sling bullet. The sling bullet hits the hound!
You kill the hound!
The hound pauses to sniff the ground.
The hound bites you but does no damage.
Blork the orc hits you but does no damage.
The gnoll closely misses you. The hound barely misses you.
The gnoll completely misses you.
Blork the orc hits you with a +0 short sword.
The goblin hits you but does no damage.
Your Fighting skill increases to level 3!
You shoot a sling bullet. The sling bullet hits Blork the orc.
Blork the orc is lightly wounded.
The hound bites you. The hound bites you but does no damage.
The goblin hits you but does no damage. Blork the orc closely misses you.
The gnoll hits you but does no damage. The gnoll completely misses you.
You shoot a sling bullet.
The sling bullet completely misses Blork the orc.
The hound bites you but does no damage.
Blork the orc hits you but does no damage.
The goblin closely misses you.
The gnoll hits you from afar with a +0 halberd.
The gnoll hits you from afar with a +0 halberd!
You die...

...#####..##.........>#.##
# . .................##.#
# ###..##..#####.#.#.## #
.....##..# ##..!## #
####.###..# ##.## #
..........# #.# #
#.......#.# #.########
#.......#.## #.........
.......gg@.# ##.########
#.......h%o.# #...#######
#......g.g...# #...(......
#.....g.......##...#######
##.............##### #
..#..........# ###
...........#... ...
.........##### ###


You could see Blork the orc, a hound, 4 gnolls and a goblin.

Vanquished Creatures
  Menkaure (D:4)
  2 hounds (D:4)
  5 gnolls
  2 adders (D:2)
  4 worms
  A dart slug (D:2)
  2 orcs (D:4)
  9 endoplasms
  5 giant cockroaches
  5 goblins
  2 hobgoblins
  8 jackals
  A quokka (D:2)
  9 ball pythons
  2 bats (D:2)
  7 frilled lizards
  6 kobolds
  8 rats
79 creatures vanquished.

Notes
Turn   | Place    | Note
-------+----------+-------------------------------------------
     0 | D:1      | qw the Gargoyle Hexslinger began the quest for the Orb.
     0 | D:1      | Reached XP level 1. HP: 12/12 MP: 2/2
     0 | D:1      | 0 ||| qw: Version: 0.3-a-52-g30416fa
     0 | D:1      | 0 ||| qw: Game counter: 6714
     0 | D:1      | 0 ||| qw: Melee chars always use a shield: true
     0 | D:1      | 0 ||| qw: God list: Okawaru
     0 | D:1      | 0 ||| qw: Allow faded altars: false
     0 | D:1      | 0 ||| qw: Do Orc after clearing Dungeon:15 true
     0 | D:1      | 0 ||| qw: Do second Lair branch before Depths: true
     0 | D:1      | 0 ||| qw: Lair rune preference: random
     0 | D:1      | 0 ||| qw: Goals: Normal
     0 | D:1      | 0 ||| PLANNING D:1-11
   130 | D:1      | HP: 3/12 [goblin/+0 club (3)]
   254 | D:1      | Reached XP level 2. HP: 15/16 MP: 3/3
   463 | D:1      | Reached skill level 3 in Ranged Weapons
   561 | D:1      | Reached XP level 3. HP: 20/20 MP: 4/4
   995 | D:1      | 995 ||| UPGRADING to +0 ring mail.
  1005 | D:1      | 1005 ||| DROPPING +0 robe.
  1006 | D:1      | 1006 ||| UPGRADING to +0 cloak.
  1011 | D:1      | 1011 ||| UPGRADING to +0 helmet.
  1016 | D:1      | 1016 ||| UPGRADING to ring of willpower.
  1017 | D:1      | 1017 ||| READING scroll labelled OLEHOL JUPROPH.
  1021 | D:1      | 1021 ||| READING 2 scrolls labelled QAFYS VOWEDAN.
  1022 | D:1      | 1022 ||| DROPPING scroll of poison.
  1103 | D:2      | Reached skill level 1 in Armour
  1283 | D:2      | Reached XP level 4. HP: 24/26 MP: 5/5
  1516 | D:2      | Reached skill level 4 in Ranged Weapons
  1727 | D:2      | Found Atauxzac's Magic Scroll Shop.
  1736 | D:2      | 1736 ||| BUYING scroll of identify (22 gold).
  1736 | D:2      | Bought a scroll of identify for 22 gold pieces
  1736 | D:2      | 1736 ||| BUYING scroll of identify (22 gold).
  1736 | D:2      | Bought a scroll of identify for 22 gold pieces
  1736 | D:2      | 1736 ||| BUYING scroll of identify (22 gold).
  1736 | D:2      | Bought a scroll of identify for 22 gold pieces
  1736 | D:2      | 1736 ||| SHOPLISTING scroll of identify (22 gold, have 6).
  1901 | D:2      | 1901 ||| UPGRADING to ring of resist corrosion.
  1902 | D:2      | 1902 ||| READING scroll labelled DEC USMAPAY.
  1903 | D:2      | 1903 ||| READING 2 scrolls labelled UMEFOU SESEKHIGY.
  1904 | D:2      | 1904 ||| READING scroll of enchant armour.
  1904 | D:2      | 1904 ||| ENCHANTING +0 helmet.
  1905 | D:2      | 1905 ||| READING scroll labelled PURAFY FEOLYFF.
  1906 | D:2      | 1906 ||| READING scroll labelled JOYLEORERO.
  1907 | D:2      | 1907 ||| READING 5 scrolls of identify.
  1907 | D:2      | 1907 ||| IDENTIFYING bubbling black potion
  1908 | D:2      | 1908 ||| READING 4 scrolls of identify.
  1908 | D:2      | 1908 ||| IDENTIFYING bubbling purple potion
  1909 | D:2      | 1909 ||| READING 3 scrolls of identify.
  1909 | D:2      | 1909 ||| IDENTIFYING glowing orange potion
  1910 | D:2      | 1910 ||| READING 2 scrolls of identify.
  1910 | D:2      | 1910 ||| IDENTIFYING pink potion
  1911 | D:2      | 1911 ||| DROPPING potion of invisibility.
  1912 | D:2      | 1912 ||| DROPPING potion of lignification.
  2127 | D:3      | Identified the +4 chain mail of Tuzenahu {Will++ Regen+
                  | Str-3}
  2621 | D:3      | Found a white marble altar of Elyvilon.
  2627 | D:3      | 2627 ||| FLEEEEING.
  2628 | D:3      | 2628 ||| FLEEEEING.
  2629 | D:3      | 2629 ||| FLEEEEING.
  2639 | D:3      | Reached XP level 5. HP: 25/30 MP: 6/6
  2639 | D:3      | 2639 ||| FLEEEEING.
  2640 | D:3      | 2640 ||| FLEEEEING.
  2864 | D:3      | 2864 ||| DROPPING +1 helmet.
  2865 | D:3      | 2865 ||| READING scroll labelled XALOLUOQEA.
  2909 | D:4      | Noticed Menkaure
  2910 | D:4      | 2910 ||| FLEEEEING.
  2911 | D:4      | 2911 ||| FLEEEEING.
  2914 | D:4      | 2914 ||| FLEEEEING.
  2915 | D:4      | 2915 ||| FLEEEEING.
  2916 | D:4      | 2916 ||| FLEEEEING.
  2917 | D:4      | 2917 ||| FLEEEEING.
  2918 | D:4      | 2918 ||| FLEEEEING.
  2919 | D:4      | 2919 ||| FLEEEEING.
  2923 | D:4      | 2923 ||| FLEEEEING.
  2924 | D:4      | 2924 ||| FLEEEEING.
  2941 | D:4      | Killed Menkaure
  2942 | D:4      | Reached skill level 5 in Ranged Weapons
  2942 | D:4      | Reached XP level 6. HP: 20/35 MP: 7/7
  3201 | D:4      | Identified the +3 mace of Nimnut {vamp, rElec rF- MP+9
                  | Dex+4}
  3414 | D:4      | Noticed Blork the orc
  3418 | D:4      | Identified the +10 whip of Doom {flame, rN+ Str+2 Dex-2}
  3423 | D:4      | Reached skill level 3 in Fighting
  3424 | D:4      | Slain by a gnoll

Levels and vault maps discovered:
D:1:      matt_arrival_diagonals, layout_loops_corners, nrook_uturn,
          serial_bayou_lagoon_b
D:2:      kennysheep_six_static_rooms, layout_basic, serial_shops, shop
D:3:      layout_loops_corners, mainiacjoe_overflow_cross_hatched
D:4:      layout_loops_ring, dreamdust_gnoll_farm, uniq_menkaure,
          uniq_blork_the_orc

Skill      XL: |  1  2  3  4  5  6 |
---------------+-------------------+-----
Ranged Weapons | 3 4 5 |  5.9
Fighting       | 2 3 |  3.1
Armour         | 1 |  1.2
Dodging        | |  1.5
Spellcasting   | |  1.0
Hexes          | |  2.6

Action                     |  1- 3 |  4- 6 || total
---------------------------+-------+-------++-------
   Fire: Sling             |   122 |   215 ||   337
    Use: Scroll            |     2 |    10 ||    12
 Armour: Robe              |     9 |       ||     9
         Ring mail         |    30 |    80 ||   110
  Dodge: Dodged            |    53 |    88 ||   141

Table legend:
 A = Non-vault XP
 B = Vault XP
 C = Vault XP percentage of total XP
 D = Non-vault monster count
 E = Vault monster count
 F = Vault count percentage of total count
                 A         B        C        D         E       F
            +---------+---------+-------+---------+---------+-------
      Total |     247 |     234 |  48.6 |      71 |       8 |  10.1
            +---------+---------+-------+---------+---------+-------
        D:1 |      44 |       0 |   0.0 |      20 |       0 |   0.0
        D:2 |      61 |      23 |  27.4 |      24 |       6 |  20.0
        D:3 |      76 |       0 |   0.0 |      18 |       0 |   0.0
        D:4 |      66 |     211 |  76.2 |       9 |       2 |  18.2
            +---------+---------+-------+---------+---------+-------
